 Dungeon Crawl Stone Soup version 0.28-a0-1613-gdaab1c2f9b (webtiles) character file.

Game seed: 8317795040528086906

102 HallandMoats the Skirmisher (level 4, 0/35 HPs)
             Began as a Demonspawn Fighter on Jan 21, 2022.
             Was a Follower of Kikubaaqudgha.
             Slain by a goblin (3 damage)
             ... on level 2 of the Dungeon.
             The game lasted 00:03:58 (1734 turns).

HallandMoats the Skirmisher (Demonspawn Fighter)    Turns: 1734, Time: 00:03:58

Health: 0/35       AC:  7    Str: 16    XL:     4   Next: 50%
Magic:  5/5        EV:  9    Int:  9    God:    Kikubaaqudgha [*.....]
Gold:   118        SH:  5    Dex: 15    Spells: 3/3 levels left

rFire   . . .      SeeInvis .   d - +2 spear (freeze)
rCold   . . .      Faith    .   c - +0 buckler
rNeg    . . .      Spirit   .   b - +0 scale mail
rPois   .          Reflect  .   (no helmet)
rElec   .          Harm     .   (no cloak)
rCorr   .          Rampage  .   j - +0 pair of gloves
Will    .....                   (no boots)
Stlth   ..........              (no amulet)
HPRegen 0.11/turn               (no ring)
MPRegen 0.09/turn               (no ring)

@: no status effects
A: ignite blood 1
a: Renounce Religion, Receive Corpses


You were on level 2 of the Dungeon.
You worshipped Kikubaaqudgha.
Kikubaaqudgha was aware of your devotion.
You visited 1 branch of the dungeon, and saw 2 of its levels.

You collected 118 gold pieces.

Inventory:

Hand Weapons
 a - a +0 long sword
 d - a +2 spear of freezing (weapon)
Armour
 b - a +0 scale mail (worn)
 c - a +0 buckler (worn)
 j - a +0 pair of gloves (worn)
Scrolls
 e - 3 scrolls of identify {unknown}
 g - 2 scrolls of enchant weapon {unknown}
 i - a scroll of vulnerability {unknown}


   Skills:
 + Level 3.4 Fighting
 * Level 2.8 Long Blades
 + Level 3.0 Armour
 + Level 1.0 Dodging
 + Level 3.1 Shields
 + Level 1.6 Invocations


You had 3 spell levels left.
You didn't know any spells.
Your spell library contained the following spells:

 Spells                   Type           Power      Damage    Failure   Level
 Animate Skeleton         Necr           0%         N/A       88%         1
 Corpse Rot               Necr/Air       0%         N/A       96%         2
 Sublimation of Blood     Necr           0%         N/A       96%         2
 Vampiric Draining        Necr           0%         2d6       99%         3


Dungeon Overview and Level Annotations

Branches:
Dungeon (2/15)

Altars:
Kikubaaqudgha
Vehumet

Shops:
D:1 ?


Innate Abilities, Weirdness & Mutations

Your demonic aura sometimes causes spilled blood to erupt in flames.


Message History

You hit the ball python. You freeze the ball python.
You kill the ball python!
Kikubaaqudgha accepts your kill. The hobgoblin hits you.
* * * LOW HITPOINT WARNING * * *
The hobgoblin barely misses you.
You see here a ball python corpse.
You open the door.
A hobgoblin comes into view.
The hobgoblin shouts!
There is an open door here.
The hobgoblin hits you but does no damage.
The hobgoblin hits you.
* * * LOW HITPOINT WARNING * * *
You block the hobgoblin's attack. The hobgoblin closely misses you.
The hobgoblin hits you but does no damage.
The hobgoblin closely misses you. The goblin hits you but does no damage.
The hobgoblin hits you but does no damage.
You block the hobgoblin's attack. The goblin barely misses you.
The hobgoblin hits you but does no damage.
The rat bites you but does no damage.
The hobgoblin hits you but does no damage.
The goblin hits you but does no damage.
The hobgoblin hits you but does no damage.
The rat bites you but does no damage. The hobgoblin hits you.
* * * LOW HITPOINT WARNING * * *
The goblin hits you but does no damage. The hobgoblin hits you.
* * * LOW HITPOINT WARNING * * *
You block the rat's attack. You block the hobgoblin's attack.
The goblin barely misses you.
The hobgoblin hits you but does no damage.
The hobgoblin barely misses you. The rat barely misses you.
The goblin hits you with a +0 dagger.
* * * LOW HITPOINT WARNING * * *
The hobgoblin completely misses you. The rat bites you but does no damage.
The hobgoblin barely misses you. The goblin hits you with a +0 dagger.
You die...
Kikubaaqudgha rasps: "You have failed me!
Welcome... death!"

#g##.....r...# #.
..#.#..........###.
#########.#.#######.......(
#.....(<..#.# ########.
#.........#.# #.
#.........#.# #.
#.........#.# #.
######........r#.# #.
#....'......ggg@.### #.
#.####........ggJ..# #. #.#
####....#g....# ## #.#
#.####.....# #g# #.#
#.##### #r# #.# #.# #.# #.#
#.# #g# #.# #.# #.# #.#


You could see an endoplasm, 2 hobgoblins, 4 goblins and a rat.

Vanquished Creatures
  Robin (D:2)
  An adder (D:2)
  3 gnolls
  A worm (D:2)
  A dart slug (D:1)
  7 ball pythons
  4 endoplasms
  2 giant cockroaches (D:1)
  5 goblins
  8 hobgoblins
  A quokka (D:1)
  3 bats (D:1)
  2 frilled lizards (D:1)
  9 kobolds
  A rat (D:1)
49 creatures vanquished.

Vanquished Creatures (others)
  3 toadstools (D:1)
3 creatures vanquished.

Grand Total: 52 creatures vanquished

Notes
Turn   | Place    | Note
-------+----------+-------------------------------------------
     0 | D:1      | HallandMoats the Demonspawn Fighter began the quest for the
                  | Orb.
     0 | D:1      | Reached XP level 1. HP: 18/18 MP: 1/1
   304 | D:1      | Gained mutation: Your demonic aura sometimes causes spilled
                  | blood to erupt in flames. [demonic ancestry]
   304 | D:1      | Reached XP level 2. HP: 20/24 MP: 2/2
   394 | D:1      | Found Laenwud's Magic Scroll Shop.
   785 | D:1      | Reached skill level 1 in Invocations
   785 | D:1      | Reached XP level 3. HP: 13/29 MP: 3/3
   966 | D:2      | HP: 1/43 [hobgoblin[Robin] (4)]
   976 | D:2      | HP: 2/43 [hobgoblin[Robin] (4)]
   977 | D:2      | Reached XP level 4. HP: 2/35 MP: 3/5
   993 | D:2      | Reached skill level 1 in Dodging
  1530 | D:2      | Found a faded altar of an unknown god.
  1549 | D:2      | Prayed at the altar of an unknown god.
  1549 | D:2      | Became a worshipper of Kikubaaqudgha
  1549 | D:2      | Reached * piety under Kikubaaqudgha
  1549 | D:2      | Received a gift from Kikubaaqudgha
  1549 | D:2      | Noticed Robin
  1557 | D:2      | Killed Robin
  1674 | D:2      | Found a radiant altar of Vehumet.
  1734 | D:2      | Slain by a goblin

Illustrated notes

Levels and vault maps discovered:
D:1:      dpeg_arrival_rooms_b, layout_basic, serial_shops,
          nicolae_diamond_shop, minmay_misc_feat_chi, minmay_gold_behind_fungi,
          minmay_tromino_v4_b
D:2:      layout_basic, nicolae_ecumenical_snake_handling, basic_altar,
          uniq_natasha, uniq_crazy_yiuf_cottage, uniq_robin

Skill      XL: |  1  2  3  4 |
---------------+-------------+-----
Long Blades    | 2 |  2.8
Invocations    | 1 |  1.6
Shields        | 3 |  3.1
Armour         | 3 |  3.0
Dodging        | 1 |  1.0
Fighting       | |  3.4

Action                   |  1- 3 |  4- 6 || total
-------------------------+-------+-------++-------
Melee: Long sword        |    88 |    23 ||   111
       Spear             |       |    28 ||    28
  Use: Potion            |     4 |       ||     4
Armor: Scale mail        |    50 |    46 ||    96
       Skin              |    74 |    24 ||    98
Dodge: Dodged            |    40 |    42 ||    82
Block: Buckler           |    38 |    26 ||    64

Table legend: (Time is in decaauts)
 A = Elapsed time spent in this place.
 B = Non-inter-level travel time spent in this place.
 C = Inter-level travel time spent in this place.
 D = Time resting spent in this place.
 E = Time spent auto-exploring this place.
 F = Levels seen in this place.
 G = Mean time per level.
                   A        B        C        D        E       F      G
               +--------+--------+--------+--------+--------+-----+--------+
         Total |   1774 |   1761 |     13 |    633 |    666 |   2 |  887.0 |
       Dungeon |   1774 |   1761 |     13 |    633 |    666 |   2 |  887.0 |
               +--------+--------+--------+--------+--------+-----+--------+

Top non-repeatable levels by time:
     D:1: 1440 daAuts
     D:2: 333 daAuts
